 Dungeon Crawl Stone Soup version 0.30-a0-341-g682706514a (webtiles) character file.

Game seed: 9668026876509711696

3362 Lanoc the Skirmisher (level 9, -4/80 HPs)
             Began as a Minotaur Hunter on Nov 3, 2022.
             Was a Priest of Okawaru.
             Slain by Psyche
             ... wielding a +0 dagger of chaos
              (6 damage)
             ... on level 8 of the Dungeon.
             The game lasted 00:10:41 (5805 turns).

Lanoc the Skirmisher (Minotaur Hunter)              Turns: 5805, Time: 00:10:42

Health: -4/80      AC:  0    Str: 16    XL:     9   Next: 73%
Magic:  4/8        EV: 19    Int:  6    God:    Okawaru [***...]
Gold:   479        SH:  0    Dex: 18    Spells: 8/8 levels left

rFire   . . .      SeeInvis .    (weapon currently unavailable)
rCold   . . .      Faith    .    (shield currently unavailable)
rNeg    . . .      Spirit   .    (body armour currently unavailable)
rPois   .          Reflect  .    (helmet currently unavailable)
rElec   .          Harm     .    (cloak currently unavailable)
rCorr   .          Rampage  .    (gloves currently unavailable)
Will    .....                    (boots currently unavailable)
Stlth   ++........               d - amulet of regeneration
HPRegen 1.13/turn                (ring currently unavailable)
MPRegen 0.11/turn                (ring currently unavailable)

@: pig-form, hasted and slowed, very quick
A: fast, no casting, small, (horns 2), (retaliatory headbutt)
a: Renounce Religion, Heroism


You were on level 8 of the Dungeon.
You worshipped Okawaru.
Okawaru was most pleased with you.
You were a filthy swine.
You visited 2 branches of the dungeon, and saw 9 of its levels.

You collected 479 gold pieces.

Inventory:

Hand Weapons
 a - a +0 shortbow
 E - a +2 antimagic sling (melded)
Armour
 z - a +2 pair of gloves (melded)
 A - +2 swamp dragon scales (melded)
Jewellery
 d - an amulet of regeneration (around neck)
 k - a ring of resist corrosion (melded)
 t - an amulet of reflection
 C - a ring of protection from fire (melded)
Wands
 c - a wand of iceblast (8)
 w - a wand of flame (16)
 y - a wand of mindburst (17)
 B - a wand of digging (1)
Scrolls
 b - 3 scrolls of immolation
 e - 5 scrolls of teleportation {unknown}
 j - 2 scrolls of noise {unknown}
 l - a scroll of fear {unknown}
 m - 2 scrolls of fog {unknown}
 o - 7 scrolls of identify {unknown}
 q - a scroll of magic mapping {unknown}
 r - a scroll of blinking {unknown}
 D - a scroll of amnesia {unknown}
Potions
 g - a potion of resistance
 h - a potion of invisibility
 i - a potion of haste
 n - 2 potions of might
 p - 2 potions of lignification {unknown}
 s - a potion of ambrosia {unknown}
 u - a potion of magic {unknown}
 v - a potion of brilliance {unknown}
 x - a potion of degeneration {unknown}


   Skills:
 + Level 7.7 Fighting
 * Level 10.6 Ranged Weapons
 + Level 7.3 Armour
 + Level 7.1 Dodging
 - Level 0.7 Stealth


You had 8 spell levels left.
You didn't know any spells.
Your spell library contained the following spells:

 Spells                   Type           Power      Damage    Failure   Level
 Dazzling Flash           Conj/Hex       0%         N/A       83%         3
 Kindle Blastsparks       Fire/Tloc/Air  0%         2d10      83%         3
 Fulminant Prism          Conj/Hex       0%         3d5       99%         4
 Iskenderun's Mystic Bla  Conj/Tloc      0%         2d3       99%         4
 Lee's Rapid Deconstruct  Erth           0%         3d4*      100%        5
 Starburst                Conj/Fire      0%         6d3       100%        6


Dungeon Overview and Level Annotations

Branches:
Dungeon (8/15)             Temple (1/1) D:5
   Lair: D:8-11

Altars:
Ashenzari
Cheibriados
Dithmenos
Elyvilon
Fedhas
Gozag
Hepliaklqana
Kikubaaqudgha
Makhleb
Nemelex Xobeh
Okawaru
Qazlal
Ru
Sif Muna
Wu Jian
Xom
Yredelemnul
Zin
The Shining One

Shops:
D:3 [

Annotations:
D:5 1 runed translucent door, Crazy Yiuf
D:8 Psyche


Innate Abilities, Weirdness & Mutations

You are a filthy swine.
You move quickly.
Your equipment is almost entirely melded.
You are incapable of wielding weapons or throwing items.
You cannot cast spells.
((You have a pair of horns on your head.))
((You reflexively headbutt those who attack you in melee.))


Message History

No target in view!
No target in view!
You closely miss something. Something barely misses you. x2
You hit something but do no damage. Something hits you.
You barely miss something. Something barely misses you.
You hit something. Something closely misses you.
You hit something. Something hits you.
You miss something.
You hear some strange, mumbled words.
A swirling arc of seething chaos appears!
An arc of chaos appears from out of thin air!
The arc of chaos hits you.
You hit something but do no damage. Something hits you. Something burns you.
You closely miss something. Something hits you.
You hit something but do no damage.
You hear some strange, mumbled words.
A swirling arc of seething chaos appears!
An arc of chaos appears from out of thin air!
The arc of chaos hits you!
You feel yourself slow down.
You hit something. Something hits you! Space warps horribly around you!
* * * LOW HITPOINT WARNING * * *
Something hits you!
* * * LOW HITPOINT WARNING * * *
Something tries to affect you, but you resist.
Something hits you.
* * * LOW HITPOINT WARNING * * *
Something burns you.
* * * LOW HITPOINT WARNING * * *
There is an open door here.
You feel better. Something hits you!
* * * LOW HITPOINT WARNING * * *
Something burns you.
* * * LOW HITPOINT WARNING * * *
Something closely misses you.
You feel yourself speed up. Something hits you!
* * * LOW HITPOINT WARNING * * *
Something burns you.
* * * LOW HITPOINT WARNING * * *
Something hits you.
You die...

#.......# #....#
#.......# #....#
#.......# #....#
........# #....#
........####....#
.#######........#
#.....#........#
#######.....'....†...#
#....h......#....#####
#...{########....#
####'#...........#
..............#
...............####
......[.....#####..##
.............'........
..............#........
...#####.......#..######


There were no monsters in sight!

Vanquished Creatures
  Joseph (D:7)
  Maggie (D:7)
  Eustachio (D:6)
  2 steam dragons
  4 water moccasins
  A sky beast (D:6)
  A black bear (D:7)
  3 ogres
  2 centaurs
  Blork the orc (D:6)
  5 bullfrogs
  2 scorpions
  2 necrophages
  3 wights (D:7)
  3 orc priests
  3 jellies
  3 hounds
  3 iguanas
  2 orc wizards
  10 adders
  A white imp (D:3)
  An ufetubus (D:6)
  2 worms
  26 orcs
  6 ball pythons
  7 endoplasms
  3 giant cockroaches
  9 goblins
  12 hobgoblins
  2 jackals (D:4)
  12 kobolds
  3 quokkas
  5 bats
  2 frilled lizards (D:1)
  3 rats
147 creatures vanquished.

Notes
Turn   | Place    | Note
-------+----------+-------------------------------------------
     0 | D:1      | Lanoc the Minotaur Hunter began the quest for the Orb.
     0 | D:1      | Reached XP level 1. HP: 18/18 MP: 0/0
   130 | D:1      | Reached XP level 2. HP: 25/25 MP: 1/1
   353 | D:1      | Reached skill level 1 in Armour
  1094 | D:2      | Reached XP level 3. HP: 30/31 MP: 2/2
  1127 | D:2      | Reached skill level 5 in Ranged Weapons
  1412 | D:2      | Reached XP level 4. HP: 38/38 MP: 3/3
  1615 | D:3      | Found a shimmering altar of Xom.
  1619 | D:3      | Found a shimmering altar of Xom.
  1620 | D:3      | Found a shimmering altar of Xom.
  1620 | D:3      | Found a shimmering altar of Xom.
  1643 | D:3      | Found Ciwituet's Antique Armour Shop.
  1694 | D:3      | Reached XP level 5. HP: 45/45 MP: 4/4
  1896 | D:3      | Found an ancient bone altar of Kikubaaqudgha.
  2032 | D:4      | Noticed a steam dragon
  2054 | D:3      | Killed a steam dragon
  2055 | D:3      | Reached skill level 6 in Ranged Weapons
  2055 | D:3      | Reached XP level 6. HP: 26/52 MP: 5/5
  2231 | D:4      | Found a shadowy altar of Dithmenos.
  2955 | D:5      | Entered Level 5 of the Dungeon
  3021 | D:5      | Noticed a water moccasin
  3039 | D:5      | Reached XP level 7. HP: 49/60 MP: 6/6
  3065 | D:4      | Reached skill level 7 in Ranged Weapons
  3111 | D:5      | Found a staircase to the Ecumenical Temple.
  3127 | Temple   | Entered the Ecumenical Temple
  3238 | Temple   | Became a worshipper of Warmaster Okawaru
  3324 | D:5      | Reached skill level 5 in Fighting
  3813 | D:5      | Found a runed translucent door.
  3814 | D:5      | Noticed Crazy Yiuf
  3847 | D:6      | Reached skill level 5 in Dodging
  3847 | D:6      | Reached XP level 8. HP: 55/69 MP: 7/7
  3855 | D:6      | Reached * piety under Okawaru
  3893 | D:6      | Reached skill level 8 in Ranged Weapons
  3932 | D:6      | Found an ornate altar of the Wu Jian Council.
  4048 | D:6      | Reached skill level 5 in Armour
  4048 | D:6      | Found a burning altar of Makhleb.
  4280 | D:6      | Noticed Eustachio
  4310 | D:6      | Killed Eustachio
  4407 | D:6      | Reached skill level 9 in Ranged Weapons
  4541 | D:6      | Noticed Blork the orc
  4549 | D:6      | Killed Blork the orc
  4563 | D:6      | Found a shimmering blue altar of Sif Muna.
  4658 | D:6      | Found a blossoming altar of Fedhas.
  4877 | D:7      | Noticed Maggie
  4879 | D:7      | Reached ** piety under Okawaru
  4880 | D:7      | Reached XP level 9. HP: 78/78 MP: 8/8
  4908 | D:7      | Killed Maggie
  5103 | D:7      | Found an opulent altar of Gozag.
  5267 | D:7      | Reached skill level 10 in Ranged Weapons
  5349 | D:7      | Noticed Joseph
  5418 | D:7      | Killed Joseph
  5418 | D:7      | Reached *** piety under Okawaru
  5594 | D:7      | Found a glowing silver altar of Zin.
  5784 | D:8      | Noticed Psyche
  5805 | D:8      | HP: 4/80 [something (9)]
  5805 | D:8      | Slain by Psyche

Illustrated notes

Levels and vault maps discovered:
D:1:      dpeg_arrival_morbid_curiosity, layout_basic, minmay_misc_feat_ornament
D:2:      layout_rooms
D:3:      layout_basic, xom_redecorated, mainiacjoe_overflow_tiny_flanked,
          serial_shops, shop
D:4:      layout_loops_corners, overflow_temple_1_default
D:5:      layout_loops_cross, minmay_temple_entry_junction_2,
          uniq_crazy_yiuf_cottage
D:6:      layout_basic, tgw_sif, fedhas_altar_fruit_tree,
          mainiacjoe_overflow_catwalk, general_overflow_altar, uniq_eustachio
D:7:      black_bear_nest_2, layout_cave_pools,
          pdpol_temple_overflow_zin_treasury_gozag_greed, uniq_joseph,
          uniq_maggie
D:8:      layout_gridville, serial_shops, nicolae_square_shop, uniq_grum,
          uniq_gastronok, uniq_psyche
Temple:   compressed_dpeg_circular_temple

Skill      XL: |  1  2  3  4  5  6  7  8  9 |
---------------+----------------------------+-----
Armour         | 1 2 3 4 6 7 |  7.3
Fighting       | 3 4 5 6 7 |  7.7
Ranged Weapons | 5 6 7 9 10 | 10.6
Dodging        | 3 4 5 6 7 |  7.1
Stealth        | |  0.7

Action                   |  1- 3 |  4- 6 |  7- 9 || total
-------------------------+-------+-------+-------++-------
Melee: Unarmed           |       |       |    15 ||    15
 Fire: Shortbow          |   115 |   171 |   324 ||   610
       Sling             |       |       |    29 ||    29
  Use: Potion            |       |     1 |     7 ||     8
Armor: Leather armour    |    10 |    18 |    28 ||    56
       Swamp dragon scal |       |       |    14 ||    14
Dodge: Dodged            |    30 |    58 |   138 ||   226

Table legend: (Time is in decaauts)
 A = Elapsed time spent in this place.
 B = Non-inter-level travel time spent in this place.
 C = Inter-level travel time spent in this place.
 D = Time resting spent in this place.
 E = Time spent auto-exploring this place.
 F = Levels seen in this place.
 G = Mean time per level.
                   A        B        C        D        E       F      G
               +--------+--------+--------+--------+--------+-----+--------+
         Total |   5911 |   5716 |    195 |     81 |   4449 |   9 |  656.8 |
       Dungeon |   5782 |   5603 |    179 |     81 |   4366 |   8 |  722.8 |
        Temple |    128 |    112 |     16 |      0 |     83 |   1 |  128.0 |
               +--------+--------+--------+--------+--------+-----+--------+

Top non-repeatable levels by time:
     D:1: 1063 daAuts
     D:4: 1006 daAuts
     D:6: 950 daAuts
     D:7: 850 daAuts
     D:5: 708 daAuts
     D:2: 520 daAuts
     D:3: 495 daAuts
     D:8: 188 daAuts
  Temple: 128 daAuts
